 Dungeon Crawl Stone Soup version 0.26.1-11-gd32895ea62 (webtiles) character file.

Game seed: 15551207592391000728

12112 vvl the Transmogrifier (level 11, -3/74 HPs)
             Began as an Octopode Transmuter on July 15, 2021.
             Was an Elder of Kikubaaqudgha.
             Slain by a four-headed hydra (17 damage)
             ... on level 12 of the Dungeon.
             The game lasted 00:42:08 (20192 turns).

vvl the Transmogrifier (Octopode Transmuter)       Turns: 20192, Time: 00:42:10

Health: -3/74      AC:  1    Str: 13    XL:     11   Next: 88%
Magic:  20/20      EV: 16    Int: 16    God:    Kikubaaqudgha [****..]
Gold:   771        SH:  7    Dex: 12    Spells: 15/22 levels left

rFire    + . .     SeeInvis .   C - +10 rapier of Attainder {drain, rN++}
rCold    . . .     Faith    .   J - +2 buckler
rNeg     + + +     Spirit   .   (helmet restricted)
rPois    .         Reflect  .   (no amulet)
rElec    .         Harm     .   d - ring of wizardry
rCorr    .         Rampage  .   B - ring of protection from fire
Will     .....                  D - ring of positive energy
Stlth    ++........             (no ring)
HPRegen  0.22/turn              (no ring)
MPRegen  0.17/turn              (no ring)
                                (no ring)
                                (no ring)

@: no status effects
A: almost no armour, stealthy swim, amphibious, 8 rings, constrict 8, camouflage
1, gelatinous body 1
a: Renounce Religion, Receive Corpses


You were on level 12 of the Dungeon.
You worshipped Kikubaaqudgha.
Kikubaaqudgha was greatly pleased with you.
You visited 2 branches of the dungeon, and saw 13 of its levels.
You also visited: Ossuary.

You collected 771 gold pieces.

Inventory:

Hand Weapons
 p - a +1 flail of holy wrath
 q - the +12 dagger of Intimidation {flame, +Rage rElec Str-5}
   (You found it on level 4 of the Dungeon)

   It has been specially enchanted to burn those struck by it, causing extra
   injury to most foes and up to half again as much damage against particularly
   susceptible opponents.
   It affects your strength (-5).
   It insulates you from electricity.
   It lets you go berserk.
 C - the +10 rapier of Attainder (weapon) {drain, rN++}
   (You found it on level 8 of the Dungeon)

   A truly terrible weapon, it drains the life of those it strikes.
   It greatly protects you from negative energy.
Armour
 J - a +2 buckler (worn)
Magical Staves
 w - an uncursed staff of death
 I - an uncursed staff of conjuration
Jewellery
 d - a ring of wizardry (left tentacle)
 r - an uncursed ring of magical power
 B - a ring of protection from fire (right tentacle)
 D - a ring of positive energy (on tentacle)
Wands
 t - a wand of digging (4)
 E - a wand of enslavement (11)
 H - a wand of flame (38)
Scrolls
 a - a scroll of immolation
 b - a scroll of holy word {unknown}
 e - 4 scrolls of enchant weapon
 j - 5 scrolls of teleportation {unknown}
 o - 7 scrolls of amnesia
 s - 3 scrolls of enchant armour {unknown}
 u - a scroll of fear {unknown}
 x - 3 scrolls of remove curse
 y - 4 scrolls of magic mapping {unknown}
 A - a scroll of brand weapon {unknown}
 F - 8 scrolls of identify
 G - a scroll of blinking {unknown}
Potions
 c - a potion of resistance
 g - 3 potions of curing
 h - 3 potions of attraction
 i - 2 potions of might {unknown}
 k - 2 potions of ambrosia {unknown}
 l - 2 potions of haste {unknown}
 m - a potion of magic {unknown}
 n - 5 potions of flight {unknown}
 v - 6 potions of lignification {unknown}
 z - 2 potions of brilliance {unknown}
Miscellaneous
 f - a phial of floods


   Skills:
 + Level 6.6 Fighting
 + Level 7.1 Dodging
 - Level 4.0 Shields
 + Level 7.2 Unarmed Combat
 + Level 6.3 Spellcasting
 + Level 4.5 Necromancy
 + Level 8.6 Transmutations
 - Level 6.0 Ice Magic
 - Level 6.0 Poison Magic


You had 15 spell levels left.
You knew the following spells:

 Your Spells              Type           Power        Failure   Level
a - Beastly Appendage     Tmut           64%          1%          1
b - Ice Form              Ice/Tmut       28%          2%          4
c - Blink                 Tloc           N/A          9%          2

Your spell library contained the following spells:

 Spells                   Type           Power        Failure   Level
 Pain                     Necr           76%          1%          1
 Sublimation of Blood     Necr           9%           1%          2
 Wereblood                Tmut           32%          1%          2
 Spider Form              Tmut/Pois      14%          1%          3
 Poisonous Vapours        Pois/Air       28%          2%          2
 Vampiric Draining        Necr           9%           2%          3
 Corpse Rot               Necr/Air       N/A          3%          2
 Blade Hands              Tmut           16%          4%          5
 Foxfire                  Conj/Fire      20%          6%          1
 Magic Dart               Conj           20%          6%          1
 Mephitic Cloud           Conj/Pois/Air  11%          8%          3
 Call Imp                 Summ           5%           9%          2
 Slow                     Hex            5%           9%          2
 Animate Dead             Necr           9%           9%          4
 Dispel Undead            Necr           19%          9%          4
 Conjure Flame            Conj/Fire      5%           16%         3
 Inner Flame              Hex/Fire       5%           16%         3
 Agony                    Necr           19%          22%         5
 Excruciating Wounds      Necr           9%           22%         5
 Sticky Flame             Conj/Fire      5%           45%         4
 Simulacrum               Ice/Necr       10%          65%         6
 Fireball                 Conj/Fire      2%           80%         5
 Freezing Cloud           Conj/Ice/Air   5%           97%         6


Dungeon Overview and Level Annotations

Branches:
Dungeon (12/15)            Temple (1/1) D:6            Lair (0/6) D:11
    Orc (0/2) D:9         Ossuary (visited)

Altars:
Ashenzari
Cheibriados
Dithmenos
Elyvilon
Fedhas
Gozag
Hepliaklqana
Kikubaaqudgha
Makhleb
Nemelex Xobeh
Okawaru
Qazlal
Ru
Sif Muna
Trog
Uskayaw
Vehumet
Wu Jian
Xom
Yredelemnul
Zin
The Shining One
Jiyva

Shops:
D:9 [


Innate Abilities, Weirdness & Mutations

You cannot wear most types of armour.
You are very stealthy in the water. (Stealth+)
You are amphibious.
You can wear up to eight rings at the same time.
You can use your tentacles to constrict eight enemies at once.
Your skin changes colour to match your surroundings (Stealth+).
Your rubbery body absorbs attacks. (AC +1, EV +1)


Message History

A gnoll and a water elemental come into view.
The water elemental moves out of view.
A gnoll comes into view.
A gnoll sergeant comes into view. It is wielding a +0 spear.
A water elemental comes into view.
The gnoll shouts!
You hear a shout!
You hear two shouts!
Your transformation is almost over.
Things that are here:
a +4 spear; a +0 robe Your tentacle spike disappears.
There is an escape hatch in the floor here.
Aiming: Enslavement
Press: ? - help, Shift-Dir - straight line, f - four-headed hydra
Aim: a four-headed hydra (chance to affect: 15%)
Okay, then.
There is an escape hatch in the ceiling here.
The four-headed hydra completely misses you. x2
The four-headed hydra bites you!
You die...
Kikubaaqudgha rasps: "You have failed me!
Welcome... death!"

...# ##.# ######### #.# #......^#
#.#################.#####.#
#.#.......................#
##.#.#####..########.####..#
.....# ###..########..###..#
.....###........(..........#
..<......oo..o.D@...>...##.######
.....###)#.########.............#
.....# #.#.#.######......#.####.#
.....###.#...............#.##.#.#
...............###.......#....#.#
.................#....#..#....#.#
...............#.#.........####.#
...............#.#<...........#.#
##.....÷.......#.#≈≈.###.#..#.#.#


You could see a four-headed hydra, an orc warrior and 2 orcs.

Vanquished Creatures
  The ghost of Corwin the Cutter, a novice HuBe of Trog (D:7)
  An unseen horror (D:11)
  Pikel (D:5)
  A manticore (D:11)
  2 cyclopes (D:12)
  3 gargoyles
  An efreet (D:11)
  Prince Ribbit (D:7)
  Sigmund (D:4)
  2 wraiths
  A vampire (D:11)
  Eustachio (D:4)
  6 yaks
  A steam dragon (D:11)
  2 vampire mosquitoes (D:12)
  A black bear (D:10)
  4 orc warriors
  An ice beast (D:11)
  6 sky beasts
  4 ogres
  10 centaurs
  A lemure (D:5)
  A big kobold (D:9)
  5 bullfrogs
  2 elf zombies (Ossuary)
  A wyvern zombie (D:10)
  5 scorpions
  A wyvern skeleton (D:11)
  6 killer bees
  20 wights
  4 howler monkeys
  2 bullfrog zombies
  4 jellies
  3 hounds
  Crazy Yiuf (D:3)
  2 centaur skeletons
  2 centaur zombies
  6 orc priests
  6 orc wizards
  A bullfrog skeleton (D:6)
  Terence (D:3)
  5 iguanas
  9 worker ants
  2 killer bee zombies
  3 big kobold zombies (Ossuary)
  A bullfrog simulacrum (D:7)
  3 mummies
  3 gnolls (D:7)
  12 adders
  3 white imps (D:7)
  A worker ant simulacrum (D:7)
  An ufetubus (D:8)
  3 adder skeletons
  4 worms
  An adder simulacrum (D:7)
  2 dart slugs
  6 leopard geckos
  39 orcs
  2 giant cockroaches
  8 goblins
  9 hobgoblins
  22 jackals
  4 quokkas
  A ball python (D:2)
  5 bats
  3 frilled lizards
  4 goblin zombies
  9 hobgoblin zombies (Ossuary)
  A jackal skeleton (D:6)
  A jackal zombie (Ossuary)
  10 kobolds
  14 kobold zombies (Ossuary)
  5 orc zombies (Ossuary)
  A quokka skeleton (D:9)
  6 rats
  A rat zombie (Ossuary)
329 creatures vanquished.

Vanquished Creatures (others)
  A yak (D:11)
1 creature vanquished.

Grand Total: 330 creatures vanquished

Notes
Turn   | Place    | Note
-------+----------+-------------------------------------------
     0 | D:1      | vvl the Octopode Transmuter began the quest for the Orb.
     0 | D:1      | Reached XP level 1. HP: 13/13 MP: 3/3
   102 | D:1      | Reached XP level 2. HP: 18/18 MP: 3/5
   820 | D:2      | Reached XP level 3. HP: 23/23 MP: 4/6
  1353 | D:2      | Reached skill level 1 in Poison Magic
  1577 | D:2      | Found a burning altar of Makhleb.
  1577 | D:2      | Noticed a cacodemon
  1691 | D:2      | Reached XP level 4. HP: 28/28 MP: 5/7
  1847 | D:3      | Reached skill level 1 in Ice Magic
  2049 | D:3      | Found a faded altar of an unknown god.
  2179 | D:3      | Reached skill level 3 in Transmutations
  2494 | D:3      | Noticed Terence
  2616 | D:3      | Killed Terence
  2617 | D:3      | Reached XP level 5. HP: 17/34 MP: 8/8
  2787 | D:3      | Noticed a centaur
  2800 | D:3      | Killed a centaur
  3063 | D:3      | Found a runed translucent door.
  3065 | D:3      | Noticed Crazy Yiuf
  3073 | D:3      | Killed Crazy Yiuf
  3074 | D:3      | Reached XP level 6. HP: 33/39 MP: 9/9
  3842 | D:4      | Found a white marble altar of Elyvilon.
  4029 | D:4      | Found a shimmering altar of Xom.
  4029 | D:4      | Found a bloodstained altar of Trog.
  4176 | D:4      | Reached skill level 4 in Transmutations
  4178 | D:4      | HP: 2/41 [howler monkey (8)]
  4180 | D:4      | Reached XP level 7. HP: 2/45 MP: 11/11
  4466 | D:4      | Noticed Eustachio
  4477 | D:4      | Killed Eustachio
  4796 | D:4      | Got a translucent dagger
  4797 | D:4      | Identified the +12 dagger of Intimidation {flame, +Rage
                  | rElec Str-5} (You found it on level 4 of the Dungeon)
  5055 | D:4      | Noticed Sigmund
  5062 | D:4      | Killed Sigmund
  5181 | D:4      | Reached XP level 8. HP: 52/52 MP: 10/12
  5548 | D:5      | Entered Level 5 of the Dungeon
  5557 | D:5      | Reached skill level 5 in Transmutations
  6796 | D:5      | Found a sparkling altar of Nemelex Xobeh.
  7576 | D:6      | Reached XP level 9. HP: 15/58 MP: 12/14
  7875 | D:6      | Noticed Pikel
  8411 | D:5      | Killed Pikel
  8412 | D:5      | Reached skill level 5 in Unarmed Combat
  8412 | D:5      | Reached skill level 6 in Transmutations
  8728 | D:6      | Found a shadowy altar of Dithmenos.
  9206 | D:6      | Found a sacrificial altar of Ru.
  9246 | D:6      | Found a staircase to the Ecumenical Temple.
  9385 | D:6      | Reached skill level 5 in Poison Magic
  9532 | D:6      | Found an ornate altar of the Wu Jian Council.
  9597 | Temple   | Entered the Ecumenical Temple
  9728 | Temple   | Became a worshipper of Kikubaaqudgha
  9804 | D:7      | Found a hazy altar of Hepliaklqana.
 10487 | D:7      | Found a runed translucent gate.
 10487 | D:7      | Found a runed translucent gate.
 10494 | D:7      | Found a runed translucent gate.
 10497 | D:7      | Noticed Corwin's ghost (novice HuBe)
 10537 | D:7      | Reached * piety under Kikubaaqudgha
 10537 | D:7      | Identified Kikubaaqudgha's Collected Works on Darkness
                  | (Kikubaaqudgha gifted it to you on level 7 of the Dungeon)
 10537 | D:7      | Received a gift from Kikubaaqudgha
 10538 | D:7      | Reached skill level 5 in Dodging
 10897 | D:7      | Noticed Prince Ribbit
 10905 | D:7      | Killed Prince Ribbit
 10906 | D:7      | Reached skill level 7 in Transmutations
 11172 | D:7      | Found a glowing golden altar of the Shining One.
 11206 | D:7      | Found a broken altar of Ashenzari.
 11435 | D:7      | Killed Corwin's ghost
 11436 | D:7      | Reached skill level 5 in Fighting
 11436 | D:7      | Reached skill level 1 in Necromancy
 11436 | D:7      | Reached XP level 10. HP: 66/66 MP: 15/17
 11698 | D:8      | Found a sand-covered staircase.
 11704 | Ossuary  | Entered an ossuary
 11789 | Ossuary  | Reached ** piety under Kikubaaqudgha
 12317 | D:8      | Got a faintly glowing rapier
 12318 | D:8      | Identified the +10 rapier of Attainder {drain, rN++} (You
                  | found it on level 8 of the Dungeon)
 12728 | D:8      | Reached *** piety under Kikubaaqudgha
 12728 | D:8      | Identified Kikubaaqudgha's Guide on Evil Secrets
                  | (Kikubaaqudgha gifted it to you on level 8 of the Dungeon)
 12728 | D:8      | Received a gift from Kikubaaqudgha
 12916 | D:8      | Learned a level 4 spell: Ice Form
 12919 | D:8      | Learned a level 2 spell: Blink
 13234 | D:9      | Reached skill level 1 in Shields
 13236 | D:9      | Reached skill level 5 in Spellcasting
 13840 | D:9      | Reached skill level 5 in Ice Magic
 14045 | D:9      | Found a staircase to the Orcish Mines.
 14082 | D:9      | Found Ziclan's Armour Emporium.
 14440 | D:9      | Found a broken altar of Ashenzari.
 14483 | D:10     | Entered Level 10 of the Dungeon
 15675 | D:11     | Reached **** piety under Kikubaaqudgha
 15915 | D:11     | Noticed a gargoyle
 16188 | D:11     | Killed a gargoyle
 16189 | D:11     | Reached XP level 11. HP: 43/72 MP: 16/19
 16605 | D:11     | Reached skill level 8 in Transmutations
 16743 | D:11     | Noticed a manticore
 16755 | D:11     | Killed a manticore
 18079 | D:11     | Found a staircase to the Lair.
 18256 | D:11     | Killed an unseen horror
 18700 | D:12     | Noticed a cyclops
 18705 | D:12     | Killed a cyclops
 18872 | D:12     | Noticed a cyclops
 18882 | D:12     | Killed a cyclops
 19035 | D:12     | HP: 2/88 [gargoyle/stone arrow (11)]
 20126 | D:12     | Noticed a four-headed hydra
 20139 | D:12     | HP: 2/74 [four-headed hydra (18)]
 20192 | D:12     | Slain by a four-headed hydra

Illustrated notes

Levels and vault maps discovered:
D:1:      saegor_arrival_simple_a, layout_rooms
D:2:      layout_basic, makhleb_altar_promises_db
D:3:      layout_loops_ring, chequers_ecumenical_altar_simple,
          hangedman_decor_push, uniq_crazy_yiuf_cottage, uniq_terence
D:4:      layout_basic, chequers_temple_overflow_statue_of_worship,
          uniq_sigmund, uniq_eustachio
D:5:      layout_loops_corners, kennysheep_little_box, serial_glass,
          glass_columns_a, glass_columns_c, grunt_decor_arrowhead,
          roderic_lattice_a
D:6:      layout_cave_pods, nicolae_overflow_hidden_temple,
          nzn_wu_jian_council_hall, general_overflow_altar,
          minmay_temple_entry_statues_pillars, uniq_pikel
D:7:      layout_loops_ring, nzn_hepliaklqana_mist_gate, lemuel_doored_altar,
          tso_oasis_becter, gammafunk_ghost_necromancy, uniq_prince_ribbit1
D:8:      layout_loops_ring, nicolae_ossuary_entry_giza, minmay_quadrilaterals
D:9:      layout_loops_cross, orc_0_dummy, serial_shops,
          nicolae_shop_behind_doors, basic_altar
D:10:     layout_basic
D:11:     layout_cave_pools, lair_entry_dummy, minmay_mirror_moons_of_madness
D:12:     layout_basic
Temple:   pf_slimified_temple

Skill      XL: |  1  2  3  4  5  6  7  8  9 10 11 |
---------------+----------------------------------+-----
Poison Magic   | 1 2 3 4 5 6 |  6.0
Ice Magic      | 1 2 3 4 5 6 |  6.0
Transmutations | 3 4 5 7 8 |  8.6
Fighting       | 2 3 5 6 |  6.6
Dodging        | 3 4 5 6 7 |  7.1
Unarmed Combat | 4 5 6 7 |  7.2
Spellcasting   | 3 4 5 6 |  6.3
Necromancy     | 1 3 4 |  4.5
Shields        | 2 4 |  4.0

Action                   |  1- 3 |  4- 6 |  7- 9 | 10-12 || total
-------------------------+-------+-------+-------+-------++-------
Melee: Unarmed           |    71 |    86 |       |    87 ||   244
       Kick              |    21 |    29 |    42 |    65 ||   157
       Constrict         |    17 |    34 |    43 |    68 ||   162
       Tentacles         |     5 |    19 |    23 |    58 ||   105
       Punch             |     1 |     3 |     2 |    16 ||    22
       Flail             |       |     4 |       |       ||     4
       Quarterstaff      |       |    30 |    13 |       ||    43
       Dagger            |       |       |   196 |    93 ||   289
       Rapier            |       |       |       |   240 ||   240
 Cast: Beastly Appendage |    22 |    16 |    43 |    38 ||   119
       Ice Form          |       |       |       |    10 ||    10
Evoke: Wand              |       |     2 |     8 |     4 ||    14
  Use: Scroll            |       |     8 |     2 |       ||    10
       Potion            |       |       |     2 |     8 ||    10
 Stab: Sleeping          |     2 |     1 |     7 |    11 ||    21
       Paralysed         |       |       |     1 |       ||     1
       Distracted        |       |       |     1 |       ||     1
Armor: Skin              |     6 |     5 |     6 |    33 ||    50
Dodge: Dodged            |    42 |    96 |   108 |   278 ||   524
Block: Buckler           |       |       |    21 |    56 ||    77
